 Dungeon Crawl Stone Soup version 0.31-a0-1522-g43313d8a59 (webtiles) character file.

Game seed: 3539897804466644080

14 AstroCodex24 the Covered (level 2, -1/25 HPs)
             Began as a Demigod Fighter on Dec 30, 2023.
             Slain by a gnoll
             ... wielding a +0 spear
              (4 damage)
             ... on level 1 of the Dungeon.
             The game lasted 00:00:35 (150 turns).

AstroCodex24 the Covered (Demigod Fighter)           Turns: 150, Time: 00:00:36

Health: -1/25      AC:  6    Str: 17    XL:     2   Next: 15%
Magic:  4/4        EV:  9    Int: 10    God:
Gold:   14         SH:  4    Dex: 13    Spells: 1/1 levels left

rFire   . . .        a - +0 war axe
rCold   . . .        c - +0 buckler
rNeg    . . .        b - +0 scale mail
rPois   .            (no helmet)
rElec   .            (no cloak)
rCorr   .            (no gloves)
SInv    .            (no boots)
Will    .....        (no amulet) Stlth
                     (no ring)
HPRegen 0.24/turn    (no ring)
MPRegen 0.09/turn

%: no passive effects
@: no status effects
A: high MP 1, forlorn, divine attributes
a: no special abilities


You were on level 1 of the Dungeon.
You visited 1 branch of the dungeon, and saw 1 of its levels.

You collected 14 gold pieces.

Inventory:

Hand Weapons
 a - a +0 war axe (weapon)
Armour
 b - a +0 scale mail (worn)
 c - a +0 buckler (worn)
Potions
 d - a potion of might


   Skills:
 + Level 2.9 Fighting
 + Level 1.9 Axes
 + Level 2.9 Armour
 + Level 2.9 Shields


You had one spell level left.
You didn't know any spells.
Your spell library was empty.

Dungeon Overview and Level Annotations

Branches:
Dungeon (1/15)


Innate Abilities, Weirdness & Mutations

You have an increased reservoir of magic. (+10% MP)
You shall have no god before yourself.
Your divine heritage dramatically boosts your attributes as you level up.


Message History

The goblin hits you but does no damage. You block the gnoll's attack.
The endoplasm hits you but does no damage.
The goblin hits you but does no damage. You block the gnoll's attack.
The endoplasm hits you but does no damage.
You slash the endoplasm!
You kill the endoplasm!
You slash the goblin!
You kill the goblin!
You block the gnoll's attack.
You barely miss the kobold.
The gnoll hits you from afar with a +0 spear.
* * * LOW HITPOINT WARNING * * *
A goblin comes into view. It is wielding a +0 club.
The kobold hits you but does no damage. You block the kobold's attack.
You block the gnoll's attack.
The goblin moves out of view.
You hit the kobold but do no damage. The gnoll closely misses you.
The kobold hits you but does no damage.
You slash the kobold!
You kill the kobold!
The gnoll closely misses you. The gnoll completely misses you.
The gnoll barely misses you.
You see here a +0 dagger.
The gnoll barely misses you. The gnoll misses you.
The goblin barely misses you. You block the gnoll's attack.
The goblin attacks as it pursues you! The goblin barely misses you.
The goblin barely misses you.
You barely miss the goblin. You closely miss the gnoll.
The gnoll hits you but does no damage. The goblin hits you with a +0 club.
* * * LOW HITPOINT WARNING * * *
The goblin closely misses you. The gnoll hits you but does no damage.
You hit the goblin.
The goblin is severely wounded.
You closely miss the gnoll. The gnoll hits you with a +0 spear.
* * * LOW HITPOINT WARNING * * *
The goblin hits you but does no damage.
You slash the goblin!
You kill the goblin!
You barely miss the gnoll. The gnoll hits you with a +0 spear.
You die...

.. #......#.# ..
.........# .#####
.......#.#######.#..##
........ #....#.#...)
......###.##.......# #
#.....#..#..†.#.†#
#.###g...)..#....#..#
#...@)...).......##..
......####.#.##....#.#...
####. #...##..#.#.#... ..
##........#.#... ##
########.#.#...
#...##.#.#... #.#.#
.#.#... #.#.# .#.####
#.#.. .#.....


You could see a gnoll.

Vanquished Creatures
  A bat (D:1)
  2 endoplasms (D:1)
  A giant cockroach (D:1)
  3 goblins (D:1)
  2 hobgoblins (D:1)
  2 ball pythons (D:1)
  2 kobolds (D:1)
13 creatures vanquished.

Notes
Turn   | Place    | Note
-------+----------+-------------------------------------------
     0 | D:1      | AstroCodex24 the Demigod Fighter began the quest for the
                  | Orb.
     0 | D:1      | Reached XP level 1. HP: 18/18 MP: 3/3
   134 | D:1      | Reached XP level 2. HP: 5/25 MP: 4/4
   150 | D:1      | Slain by a gnoll

Illustrated notes

Levels and vault maps discovered:
D:1:      pf_arrival_petrified_forest, layout_basic, serial_co_window_serial,
          co_window_paths_a, co_window_corner_a, co_window_paths_a,
          co_window_corner_a, co_window_of_opportunity_a, co_window_broadway_c,
          co_window_2corner, co_window_corner_b, co_window_corner_cb,
          co_window_2corner, co_window_broadway_b, glass_columns_b,
          glass_columns_c

Action                     || total
---------------------------++-------
  Melee: War axe           ||    35
 Armour: Scale mail        ||    50
  Dodge: Dodged            ||    31
  Block: Buckler           ||    20

Table legend: (Time is in decaauts)
 A = Elapsed time spent in this place.
 B = Non-inter-level travel time spent in this place.
 C = Inter-level travel time spent in this place.
 D = Time resting spent in this place.
 E = Time spent auto-exploring this place.
 F = Levels seen in this place.
 G = Mean time per level.
                   A        B        C        D        E       F      G
               +--------+--------+--------+--------+--------+-----+--------+
         Total |    166 |    162 |      4 |      0 |      0 |   1 |  166.0 |
       Dungeon |    166 |    162 |      4 |      0 |      0 |   1 |  166.0 |
               +--------+--------+--------+--------+--------+-----+--------+

Top non-repeatable levels by time:
     D:1: 166 daAuts
